 Dungeon Crawl Stone Soup version 0.28.0 (webtiles) character file.

Game seed: 18411194861057229105

301 mortz the Conjurer (level 6, 0/42 HPs)
             Began as a Human Conjurer on Feb 15, 2022.
             Slain by an orc wizard (2 damage)
             ... on level 3 of the Dungeon.
             The game lasted 00:35:06 (4427 turns).

mortz the Conjurer (Human Conjurer)                 Turns: 4427, Time: 00:35:06

Health: 0/42       AC:  3    Str:  8    XL:     6   Next: 64%
Magic:  6/11       EV: 11    Int: 20    God:
Gold:   107        SH:  0    Dex: 11    Spells: 8/11 levels left

rFire   . . .      SeeInvis .   w - +0 scimitar (flame)
rCold   . . .      Faith    .   (no shield)
rNeg    . . .      Spirit   .   r - +0 leather armour
rPois   .          Reflect  .   (no helmet)
rElec   .          Harm     .   (no cloak)
rCorr   .          Rampage  .   (no gloves)
Will    .....                   (no boots)
Stlth   ++........              (no amulet)
HPRegen 0.14/turn               (no ring)
MPRegen 0.12/turn               (no ring)

@: no status effects
A: no striking features
a: no special abilities


You were on level 3 of the Dungeon.
You visited 1 branch of the dungeon, and saw 4 of its levels.

You collected 107 gold pieces.

Inventory:

Hand Weapons
 p - a +0 hand axe
 w - a +0 scimitar of flaming (weapon)
Missiles
 u - 2 boomerangs of dispersal
 v - 4 poisoned darts
Armour
 r - a +0 leather armour (worn)
Scrolls
 a - a scroll of identify {unknown}
 j - a scroll of summoning {unknown}
 k - a scroll of fear {unknown}
 n - a scroll of immolation {unknown}
 o - a scroll of blinking {unknown}
 q - a scroll of enchant weapon {unknown}
 t - a scroll of torment {unknown}
Potions
 d - a potion of haste {unknown}
 f - 2 potions of might {unknown}
 i - 3 potions of curing {unknown}
 l - a potion of mutation {unknown}


   Skills:
 + Level 0.4 Fighting
 + Level 0.5 Armour
 + Level 2.5 Dodging
 + Level 3.2 Stealth
 + Level 3.3 Spellcasting
 + Level 5.9 Conjurations


You had 8 spell levels left.
You knew the following spells:

 Your Spells              Type           Power      Damage    Failure   Level
a - Magic Dart            Conj           100%       1d8       1%          1
b - Searing Ray           Conj           54%        2d6       2%          2

Your spell library contained the following spells:

 Spells                   Type           Power      Damage    Failure   Level
 Dazzling Flash           Conj/Hex       30%        N/A       17%         3
 Corpse Rot               Necr/Air       6%         N/A       28%         2
 Ensorcelled Hibernation  Hex/Ice        6%         N/A       28%         2
 Spider Form              Tmut/Pois      3%         N/A       50%         3
 Fulminant Prism          Conj/Hex       7%         3d7       50%         4
 Iskenderun's Mystic Bla  Conj/Tloc      15%        2d5       50%         4
 Airstrike                Air            1%         N/A       88%         4
 Anguish                  Hex/Necr       1%         N/A       88%         4
 Freezing Cloud           Conj/Ice/Air   5%         6-21      94%         5
 Excruciating Wounds      Necr           1%         N/A       99%         5
 Lee's Rapid Deconstruct  Erth           1%         3d5*      99%         5
 Chain Lightning          Conj/Air       7%         3d10      100%        9


Dungeon Overview and Level Annotations

Branches:
Dungeon (4/15)
 Temple: D:4-7

Altars:

Shops:
D:1 :   D:2 (


Message History

Something hits you.
You climb upwards.
Reactivating autopickup.
There is a stone staircase leading down here.
Casting: Searing Ray (safe; 2% risk of failure)
Confirm with . or Enter, or press ? or * to list all spells.
Aiming: Searing Ray (safe; 2% risk of failure)
Press: ? - help, Shift-Dir - straight line, f - orc wizard
Aim: an orc wizard, wielding a +0 dagger and wearing a +0 robe (severely wounded, 74% to hit)
You miscast Searing Ray.
You are very lightly contaminated with residual magic.
Nothing appears to happen.
The orc wizard barely misses you.
You hear some strange, mumbled words.
Deactivating autopickup; reactivate with Ctrl-A.
Something tries to affect you, but you resist.
You slash the orc wizard! You burn the orc wizard.
You kill the orc wizard!
You hear some strange, mumbled words.
A puff of flame appears from out of thin air!
The puff of flame hits you!
* * * LOW HITPOINT WARNING * * *
You miss something. Something hits you.
* * * LOW HITPOINT WARNING * * *
Something hits you but does no damage.
You closely miss something. Something hits you.
* * * LOW HITPOINT WARNING * * *
You hear some strange, mumbled words.
You are confused.
Your magical contamination has completely faded away.
Something hits you.
* * * LOW HITPOINT WARNING * * *
Sorry, you're not good enough to have a special ability.
You're too confused to move!
Something hits you but does no damage.
You feel less confused. Something hits you but does no damage.
Things that are here:
a +0 dagger; a +0 robe
There is a stone staircase leading down here.
You closely miss something. Something hits you.
You die...

#..###..# #......#
#..###..## #.####.##
#).#.....#####.......####
#..#.#............#.....#
#.......######.##.#..##.#
##......# #.##.......#
###.#### #.......#..# #.#
#####..........# #.#
#....@>........# #.#
#....{...#.#...#######
#.#####..>...........##.....
#....##.)........#..))......
####.##..............##.....
#.##..............#######
#.##..............#
#.###############.# #.# #.#


There were no monsters in sight!

Vanquished Creatures
  An orc priest (D:3)
  An iguana (D:3)
  Natasha (thrice) (D:2)
  An orc wizard (D:3)
  A gnoll (D:1)
  A howler monkey skeleton (D:4)
  4 adders
  An adder skeleton (D:4)
  2 worms (D:2)
  6 orcs (D:3)
  9 ball pythons
  4 endoplasms
  5 giant cockroaches
  6 hobgoblins
  4 jackals (D:2)
  5 bats
  7 frilled lizards
  8 goblins
  10 kobolds
  7 rats
86 creatures vanquished.

Vanquished Creatures (others)
  3 fungi (D:2)
  13 plants (D:2)
16 creatures vanquished.

Grand Total: 102 creatures vanquished

Notes
Turn   | Place    | Note
-------+----------+-------------------------------------------
     0 | D:1      | mortz the Human Conjurer began the quest for the Orb.
     0 | D:1      | Reached XP level 1. HP: 13/13 MP: 3/3
   296 | D:1      | Reached XP level 2. HP: 19/19 MP: 1/5
   444 | D:1      | Found Vaxits's Book Shop.
   453 | D:1      | Learned a level 2 spell: Searing Ray
   544 | D:1      | Reached XP level 3. HP: 5/24 MP: 1/6
  1327 | D:2      | Got the Incunabulum of the Twisted Mountains
  1571 | D:2      | Found a faded altar of an unknown god.
  1575 | D:2      | Noticed Natasha
  1760 | D:2      | Killed Natasha
  1761 | D:2      | Reached skill level 5 in Conjurations
  1761 | D:2      | Reached XP level 4. HP: 20/30 MP: 1/7
  1988 | D:2      | Noticed Natasha
  2001 | D:2      | Killed Natasha
  2140 | D:2      | Noticed Natasha
  2144 | D:2      | Killed Natasha
  2145 | D:2      | Reached XP level 5. HP: 35/35 MP: 3/8
  2194 | D:2      | Found Nafreaga's Weapon Shop.
  2445 | D:2      | Got the Reference Book on Air
  3063 | D:3      | Reached XP level 6. HP: 28/42 MP: 3/10
  4416 | D:3      | HP: 2/42 [something (1)]
  4427 | D:3      | Slain by an orc wizard

Illustrated notes

Levels and vault maps discovered:
D:1:      mrwooster_arrival_arrow, layout_loops_ring, serial_shops, shop,
          minmay_octomino_c4
D:2:      layout_rooms, dreamdust_ecumenical_altar_grove, serial_shops,
          nicolae_diamond_shop, minmay_lizard_king, uniq_natasha
D:3:      layout_loops_cross, minmay_close_crescents
D:4:      layout_gridville, minmay_temple_entry_statues,
          hellmonk_ghost_happy_afterlife, grunt_ministairs_9,
          pf_guarded_unrand_delatra, uniq_edmund, uniq_eustachio

Skill      XL: |  1  2  3  4  5  6 |
---------------+-------------------+-----
Conjurations   | 5 |  5.9
Spellcasting   | 3 |  3.3
Stealth        | 3 |  3.2
Fighting       | |  0.4
Armour         | |  0.5
Dodging        | |  2.5

Action                   |  1- 3 |  4- 6 || total
-------------------------+-------+-------++-------
Melee: Dagger            |    15 |       ||    15
       Punch             |     1 |       ||     1
       Short sword       |     3 |       ||     3
       Falchion          |       |     5 ||     5
       Scimitar          |       |     4 ||     4
 Cast: Magic Dart        |    55 |    75 ||   130
       Searing Ray       |     1 |    18 ||    19
Armor: Robe              |     4 |     3 ||     7
       Leather armour    |       |     4 ||     4
Dodge: Dodged            |    24 |    15 ||    39
